 Dungeon Crawl Stone Soup version 0.32-a0-711-g016ad743e0 (webtiles) character file.

Game seed: 7672586458116222802

8668 croobank the Grappler (level 11, -2/84 HPs)
             Began as a Gnoll Shapeshifter on Mar 15, 2024.
             Was an Elder of Kikubaaqudgha.
             Constricted to death by Erica (5 damage)
             ... on level 9 of the Dungeon.
             The game lasted 00:39:16 (11661 turns).

croobank the Grappler (Gnoll Shapeshifter)         Turns: 11661, Time: 00:39:17

Health: -2/84      AC:  5    Str: 13    XL:     11   Next: 34%
Magic:  4/20       EV:  8    Int: 14    God:    Kikubaaqudgha [****..]
Gold:   580        SH:  0    Dex: 12    Spells: 9/22 levels left

rFire   . .          .
                       - Unarmed
rCold   . . .        (shield currently unavailable)
rNeg    . . .        l - melded +0 leather armour
rPois   .            (no helmet)
rElec   .            y - scarf {repulsion}
rCorr   .            t - +0 pair of gloves
SInv    +            (no boots)
Will    .....        k - amulet of regeneration
Stlth   ++           v - ring of see invisible
HPRegen 1.14/turn    D - +4 ring of protection
MPRegen 0.17/turn

%: repel missiles
@: lethally poisoned (-2 -> -10), flux-form, weak-willed, slowed, glowing,
constricted, very slow
A: glow, contaminating, fangs 1, strong nose, distributed training
a: Begin Untransformation, Renounce Religion, Unearth Wretches


You were on level 9 of the Dungeon.
You worshipped Kikubaaqudgha.
Kikubaaqudgha was greatly pleased with you.
You were something dangerously unstable.
You visited 2 branches of the dungeon, and saw 10 of its levels.
You also visited: Bailey.

You collected 580 gold pieces.

Inventory:

Hand Weapons
 h - a +0 hand axe
 i - a +0 dagger
 j - a +0 whip of electrocution
 p - a +4 halberd
 q - a +2 whip of venom
 s - the +7 mace of Variability {chaos, chaos arc}
   (You found it on level 2 of the Dungeon)
 C - a +7 short sword of freezing
 F - a +3 war axe
 G - a +4 flail
 H - a +2 lajatang of electrocution
Missiles
 e - a throwing net (quivered)
 x - 16 poisoned darts
Armour
 a - a +0 animal skin
 b - a +0 cloak
 l - a +0 leather armour (melded)
 n - +1 fire dragon scales
 t - a +0 pair of gloves (worn)
 w - +0 acid dragon scales
 y - a scarf of repulsion (worn)
 B - +0 steam dragon scales
Magical Staves
 o - a staff of fire
Jewellery
 f - an amulet of guardian spirit
 k - an amulet of regeneration (around neck)
 r - a ring of poison resistance
 v - a ring of see invisible (left hand)
 D - a +4 ring of protection (right hand)
Talismans
 c - a beast talisman
 d - a flux talisman (active)
Wands
 R - a wand of light (5)
Scrolls
 m - 2 scrolls of amnesia
 P - a scroll of noise
 S - a scroll of fog
Potions
 g - 6 potions of curing
 u - a potion of lignification
 z - a potion of magic
 A - a potion of mutation {unknown}
 E - 2 potions of brilliance {unknown}
 I - 2 potions of haste
 J - 2 potions of attraction {unknown}
 K - a potion of heal wounds
 M - a potion of cancellation {unknown}
 N - 2 potions of invisibility {unknown}
 O - 2 potions of might {unknown}
 T - a potion of resistance {unknown}


   Skills:
 + Level 7.0 Fighting
 + Level 6.4 Short Blades
 + Level 6.4 Long Blades
 + Level 6.4 Axes
 + Level 6.4 Maces & Flails
 + Level 6.4 Polearms
 + Level 6.4 Staves
 + Level 6.4 Ranged Weapons
 + Level 6.4 Throwing
 + Level 6.4 Armour
 + Level 8.0 Dodging
 + Level 6.4 Stealth
 + Level 6.4 Shields
 + Level 9.3 Unarmed Combat
 + Level 6.4 Spellcasting
 + Level 5.3 Conjurations
 + Level 5.3 Hexes
 + Level 5.3 Summonings
 + Level 5.3 Necromancy
 + Level 5.3 Translocations
 + Level 5.3 Fire Magic
 + Level 5.3 Ice Magic
 + Level 5.3 Air Magic
 + Level 5.3 Earth Magic
 + Level 5.3 Alchemy
 + Level 7.0 Invocations
 + Level 6.4 Evocations
 + Level 8.9 Shapeshifting


You had 9 spell levels left.
You knew the following spells:

 Your Spells              Type           Power      Damage    Failure   Level
F - Fugue of the Fallen   Necr           19%        N/A       4%          3
J - Jinxbite              Hex            38%        N/A       2%          2
M - Martyr's Knell        Necr/Summ      19%        N/A       17%         4
N - Anguish               Hex/Necr       9%         N/A       17%         4

Your spell library contained the following spells:

 Spells                   Type           Power      Damage    Failure   Level
 Apportation              Tloc           38%        N/A       1%          1
 Necrotise                Necr           76%        1d7       1%          1
 Sting                    Conj/Alch      76%        1d7       1%          1
 Summon Small Mammal      Summ           76%        N/A       1%          1
 Cigotuvi's Dreadful Rot  Necr/Alch/Air  38%        N/A       2%          2
 Ensorcelled Hibernation  Hex/Ice        38%        N/A       2%          2
 Sublimation of Blood     Necr           19%        N/A       2%          2
 Sigil of Binding         Hex            19%        N/A       4%          3
 Vampiric Draining        Necr           19%        2d7       4%          3
 Alistair's Intoxication  Alch           12%        N/A       43%         5
 Borgnjor's Vile Clutch   Necr/Erth      9%         N/A       43%         5
 Curse of Agony           Necr           19%        N/A       43%         5
 Death Channel            Necr           9%         N/A       95%         6
 Sculpt Simulacrum        Ice/Alch       9%         N/A       95%         6


Dungeon Overview and Level Annotations

Branches:
Dungeon (9/15)             Temple (1/1) D:4          Bailey (visited)
   Lair: D:8-11         Orc: D:9-12

Altars:
Ashenzari
Cheibriados
Dithmenos
Elyvilon
Fedhas
Gozag
Hepliaklqana
Kikubaaqudgha
Makhleb
Nemelex Xobeh
Okawaru
Qazlal
Ru
Sif Muna
Trog
Uskayaw
Vehumet
Wu Jian
Xom
Yredelemnul
Zin
The Shining One

Shops:
D:4 =

Annotations:
D:6 1 runed translucent door, kd29's ghost, novice TrSh
D:9 Erica; Prince Ribbit


Innate Abilities, Weirdness & Mutations

You are something dangerously unstable.
You glow with magical radiation, making you easy to see and hit.
Foes you strike become dangerously contaminated with magical radiation.
You are incapable of wielding weapons or throwing items.
You have very sharp teeth.
Your uncanny sense of smell can sniff out nearby items.
Your experience applies equally to all skills.


Message History

Erica is heavily wounded.
A giggling sprite leaps out and smacks Erica with her own tentacle.
Erica is heavily wounded.
Erica is no longer blind.
Erica says, "I love to horrify, but killing's even better."
Erica hits you with a +2 scimitar of flaming!
Erica burns you. Erica grabs you. Erica constricts you.
You hit Erica.
Erica glows dangerously bright.
Erica is heavily wounded.
Erica hits you with a +2 scimitar of flaming.
Erica burns you. Erica constricts you.
You hit Erica.
Erica shudders as magic cascades through her.
Erica twists and deforms.
Erica is heavily wounded.
A giggling sprite leaps out and makes Erica trip over her own tentacles.
Erica is heavily wounded.
Erica barely misses you. Erica constricts you.
You miss Erica.
Erica is heavily wounded.
The jinxing sprites lose interest in you.
Erica hits you with a +2 scimitar of flaming.
* * * LOW HITPOINT WARNING * * *
Erica burns you.
* * * LOW HITPOINT WARNING * * *
Erica constricts you.
* * * LOW HITPOINT WARNING * * *
You barely miss Erica. You bite Erica, but do no damage.
Erica is heavily wounded.
Erica screams, "I'll never tell where it is!"
Erica casts a spell at you. The bolt of poison hits you!
You are poisoned.
* * * LOW HITPOINT WARNING * * *
Erica constricts you.
* * * LOW HITPOINT WARNING * * *
Erica barely misses you. Erica constricts you.
You die...
Erica begins burbling mirthfully and uncontrollably.
Kikubaaqudgha rasps: You have failed me!
Welcome... death!

#........####.##
###.....### #.#
#.......# ##.####
#.......# #.....#
#.......# #.....# #
#.......#####.....# ..
#.......#.........##.#
#...ß...'.###.....#..#
##....px.### #.......#
##.....#### #.....###
#....#.# #..####
#####..# ###.########
#.## ####..........#
###'####..'..........#
#....<.#.##....[.....#
#......#.##..>........
#......#.##...........


You could see Erica (invisible, misshapen, very drained).

Vanquished Creatures
  A death yak (D:9)
  Maggie (D:7)
  Grinder (D:5)
  A hornet (D:9)
  4 spriggans (Bailey)
  Sigmund (D:5)
  9 yaks (D:8)
  A wraith (D:8)
  2 steam dragons
  2 black bears (D:5)
  An ice beast (D:9)
  A sky beast (D:8)
  2 orc warriors
  2 wolves
  9 ogres
  A centaur (D:8)
  A phantom (D:7)
  Blork the orc (D:4)
  A kobold brigand (D:8)
  3 bullfrogs
  4 scorpions
  10 wights
  4 killer bees (D:8)
  A howler monkey (D:9)
  A bombardier beetle (D:4)
  3 orc priests
  3 hounds
  2 jellies (D:6)
  5 iguanas
  4 orc wizards
  A sleepcap (D:6)
  4 adders
  7 gnolls
  A shadow imp (D:7)
  3 white imps
  2 ufetubi (D:7)
  A dart slug (D:1)
  30 orcs
  5 ball pythons
  7 bats
  8 endoplasms
  4 giant cockroaches
  6 goblins
  6 hobgoblins
  3 jackals (D:1)
  10 kobolds
  4 quokkas
  A frilled lizard (D:1)
  7 rats
192 creatures vanquished.

Vanquished Creatures (collateral kills)
  A spriggan (Bailey)
  An iguana (D:5)
  A shadow imp (D:5)
3 creatures vanquished.

Vanquished Creatures (others)
  A two-headed ogre (Bailey)
  A steam dragon (Bailey)
  An acid dragon (D:9)
  2 wolves (D:9)
  A wight (D:9)
  An electric eel (D:9)
  An ufetubus (D:9)
8 creatures vanquished.

Grand Total: 203 creatures vanquished

Notes
Turn   | Place    | Note
-------+----------+-------------------------------------------
     0 | D:1      | croobank the Gnoll Shapeshifter began the quest for the
                  | Orb.
     0 | D:1      | Reached XP level 1. HP: 17/17 MP: 1/1
    33 | D:1      | Reached XP level 2. HP: 19/23 MP: 2/2
   189 | D:1      | Reached XP level 3. HP: 13/28 MP: 3/3
   198 | D:1      | HP: 1/28 [dart slug/slug dart (2)]
   337 | D:1      | Reached skill level 1 in Invocations
   629 | D:2      | Found the +7 mace of Variability {chaos, chaos arc}
   663 | D:1      | Reached skill level 1 in Short Blades
   663 | D:1      | Reached skill level 1 in Long Blades
   663 | D:1      | Reached skill level 1 in Axes
   663 | D:1      | Reached skill level 1 in Maces & Flails
   663 | D:1      | Reached skill level 1 in Polearms
   663 | D:1      | Reached skill level 1 in Staves
   663 | D:1      | Reached skill level 1 in Ranged Weapons
   663 | D:1      | Reached skill level 1 in Throwing
   663 | D:1      | Reached skill level 1 in Armour
   663 | D:1      | Reached skill level 1 in Stealth
   663 | D:1      | Reached skill level 1 in Shields
   663 | D:1      | Reached skill level 1 in Spellcasting
   663 | D:1      | Reached skill level 1 in Evocations
  1469 | D:2      | Reached XP level 4. HP: 26/34 MP: 5/5
  1478 | D:2      | Reached skill level 1 in Conjurations
  1478 | D:2      | Reached skill level 1 in Hexes
  1478 | D:2      | Reached skill level 1 in Summonings
  1478 | D:2      | Reached skill level 1 in Necromancy
  1478 | D:2      | Reached skill level 1 in Translocations
  1478 | D:2      | Reached skill level 1 in Fire Magic
  1478 | D:2      | Reached skill level 1 in Ice Magic
  1478 | D:2      | Reached skill level 1 in Air Magic
  1478 | D:2      | Reached skill level 1 in Earth Magic
  1478 | D:2      | Reached skill level 1 in Alchemy
  2156 | D:2      | Found a glowing silver altar of Zin.
  2375 | D:3      | Found a radiant altar of Vehumet.
  2538 | D:3      | Found a faded altar of an unknown god.
  2547 | D:3      | Prayed at the altar of an unknown god.
  2547 | D:3      | Became a worshipper of Kikubaaqudgha
  2547 | D:3      | Reached * piety under Kikubaaqudgha
  2547 | D:3      | Received a gift from Kikubaaqudgha
  2552 | D:3      | Learned a level 3 spell: Fugue of the Fallen
  2590 | D:3      | Reached XP level 5. HP: 35/40 MP: 4/7
  2681 | D:3      | HP: 1/39 [gnoll/+0 spear (7)]
  3416 | D:4      | Reached XP level 6. HP: 34/47 MP: 6/8
  3635 | D:4      | Reached ** piety under Kikubaaqudgha
  3692 | D:4      | Found Kowecumm's Jewellery Shop.
  3736 | D:4      | Reached skill level 5 in Dodging
  4120 | D:4      | Found a blossoming altar of Fedhas.
  4139 | D:4      | Found a staircase to the Ecumenical Temple.
  4149 | Temple   | Entered the Ecumenical Temple
  4363 | D:5      | Entered Level 5 of the Dungeon
  4422 | D:5      | Noticed Blork the orc
  4423 | D:5      | Noticed a black bear
  4437 | D:4      | Killed Blork the orc
  4438 | D:4      | Reached skill level 7 in Unarmed Combat
  4438 | D:4      | Reached XP level 7. HP: 10/52 MP: 3/10
  4976 | D:5      | Noticed Sigmund
  4976 | D:5      | Noticed Grinder
  5009 | D:5      | Killed Sigmund
  5018 | D:5      | Killed Grinder
  5019 | D:5      | Reached XP level 8. HP: 40/60 MP: 8/12
  5545 | D:5      | Found a shimmering altar of Xom.
  6048 | D:6      | Reached XP level 9. HP: 66/66 MP: 14/14
  6247 | D:6      | Reached *** piety under Kikubaaqudgha
  6247 | D:6      | Received a gift from Kikubaaqudgha
  6486 | D:6      | Reached skill level 5 in Fighting
  6574 | D:6      | Found a runed translucent door.
  6574 | D:6      | Noticed kd29's ghost (novice TrSh)
  6574 | D:6      | Noticed a troll
  7406 | D:7      | Reached skill level 8 in Unarmed Combat
  7487 | D:7      | Reached skill level 5 in Invocations
  7999 | D:7      | Noticed Maggie
  8103 | D:7      | Killed Maggie
  8488 | D:8      | Reached skill level 5 in Short Blades
  8488 | D:8      | Reached skill level 5 in Long Blades
  8488 | D:8      | Reached skill level 5 in Axes
  8488 | D:8      | Reached skill level 5 in Maces & Flails
  8488 | D:8      | Reached skill level 5 in Polearms
  8488 | D:8      | Reached skill level 5 in Staves
  8488 | D:8      | Reached skill level 5 in Ranged Weapons
  8488 | D:8      | Reached skill level 5 in Throwing
  8488 | D:8      | Reached skill level 5 in Armour
  8488 | D:8      | Reached skill level 5 in Stealth
  8488 | D:8      | Reached skill level 5 in Shields
  8488 | D:8      | Reached skill level 5 in Spellcasting
  8488 | D:8      | Reached skill level 5 in Evocations
  8488 | D:8      | Reached XP level 10. HP: 20/76 MP: 7/17
  9495 | D:9      | Noticed Prince Ribbit
  9501 | D:9      | Reached **** piety under Kikubaaqudgha
  9803 | D:9      | Found a flagged portal.
  9830 | Bailey   | Entered a bailey
  9869 | Bailey   | Learned a level 4 spell: Anguish
  9878 | Bailey   | Noticed a two-headed ogre
  9895 | Bailey   | Killed a two-headed ogre
  9924 | Bailey   | Learned a level 2 spell: Jinxbite
  9929 | Bailey   | Learned a level 4 spell: Martyr's Knell
  9961 | Bailey   | Reached skill level 9 in Unarmed Combat
  9966 | Bailey   | Reached skill level 5 in Conjurations
  9966 | Bailey   | Reached skill level 5 in Hexes
  9966 | Bailey   | Reached skill level 5 in Summonings
  9966 | Bailey   | Reached skill level 5 in Necromancy
  9966 | Bailey   | Reached skill level 5 in Translocations
  9966 | Bailey   | Reached skill level 5 in Fire Magic
  9966 | Bailey   | Reached skill level 5 in Ice Magic
  9966 | Bailey   | Reached skill level 5 in Air Magic
  9966 | Bailey   | Reached skill level 5 in Earth Magic
  9966 | Bailey   | Reached skill level 5 in Alchemy
 10025 | Bailey   | Reached XP level 11. HP: 74/83 MP: 2/20
 10837 | D:9      | Noticed a death yak
 10856 | D:9      | Killed a death yak
 11118 | D:9      | Noticed Erica
 11329 | D:9      | Found a sparkling altar of Nemelex Xobeh.
 11329 | D:9      | Found an ancient bone altar of Kikubaaqudgha.
 11334 | D:9      | Found a faded altar of an unknown god.
 11336 | D:9      | Found a bloodstained altar of Trog.
 11337 | D:9      | Found a faded altar of an unknown god.
 11661 | D:9      | HP: 4/84 [Erica/bolt of poison (13)]
 11661 | D:9      | Constricted to death by Erica

Illustrated notes

Levels and vault maps discovered:
D:1:      amcnicky_arrival_single_pillar, layout_rooms
D:2:      layout_loops_ring, basic_altar
D:3:      layout_basic, nicolae_vehumet_altar_sigil,
          shapermc_ecumenical_altar_mp_urbaneastern
D:4:      minmay_wonky_spiral, layout_cave_pools, kennysheep_mini,
          minmay_temple_entry_butterflies, serial_shops,
          nicolae_shop_window_shopping
D:5:      old_forge, layout_basic, mainiacjoe_overflow_catwalk,
          uniq_blork_the_orc, uniq_sigmund, uniq_grinder
D:6:      layout_loops_ring, ebering_ghost_inner_flame, hangedman_glass_teeth
D:7:      layout_loops_ring, dk_noncrumbling_4, uniq_maggie
D:8:      layout_basic
D:9:      layout_roguey, chequers_temple_overflow_minitemple, serial_ice,
          serial_ice_o, serial_ice_e, serial_ice_i, serial_ice_f, serial_ice_b,
          enter_bailey_5, uniq_erica, uniq_prince_ribbit1
Temple:   nicolae_temple_elliptical

Skill      XL: |  1  2  3  4  5  6  7  8  9 10 11 |
---------------+----------------------------------+-----
Invocations    | 1 2 3 4 5 6 7 |  7.0
Short Blades   | 1 2 3 5 6 |  6.4
Long Blades    | 1 2 3 5 6 |  6.4
Axes           | 1 2 3 5 6 |  6.4
Maces & Flails | 1 2 3 5 6 |  6.4
Polearms       | 1 2 3 5 6 |  6.4
Staves         | 1 2 3 5 6 |  6.4
Ranged Weapons | 1 2 3 5 6 |  6.4
Throwing       | 1 2 3 5 6 |  6.4
Armour         | 1 2 3 5 6 |  6.4
Stealth        | 1 2 3 5 6 |  6.4
Shields        | 1 2 3 5 6 |  6.4
Spellcasting   | 1 2 3 5 6 |  6.4
Evocations     | 1 2 3 5 6 |  6.4
Conjurations   | 1 2 3 4 5 |  5.3
Hexes          | 1 2 3 4 5 |  5.3
Summonings     | 1 2 3 4 5 |  5.3
Necromancy     | 1 2 3 4 5 |  5.3
Translocations | 1 2 3 4 5 |  5.3
Fire Magic     | 1 2 3 4 5 |  5.3
Ice Magic      | 1 2 3 4 5 |  5.3
Air Magic      | 1 2 3 4 5 |  5.3
Earth Magic    | 1 2 3 4 5 |  5.3
Alchemy        | 1 2 3 4 5 |  5.3
Fighting       | 3 4 5 6 7 |  7.0
Dodging        | 5 6 7 8 |  8.0
Unarmed Combat | 7 8 9 |  9.3
Shapeshifting  | 7 8 |  8.9

Action                     |  1- 3 |  4- 6 |  7- 9 | 10-12 || total
---------------------------+-------+-------+-------+-------++-------
  Melee: Unarmed           |    74 |   153 |   255 |   248 ||   730
         Bite              |     6 |    24 |    33 |    36 ||    99
         Punch             |     2 |       |       |       ||     2
  Throw: Throwing net      |     1 |       |       |       ||     1
   Cast: Fugue of the Fall |       |     2 |    12 |    15 ||    29
         Anguish           |       |       |       |    30 ||    30
         Jinxbite          |       |       |       |     6 ||     6
         Martyr's Knell    |       |       |       |     4 ||     4
  Evoke: Wand              |       |       |     3 |     4 ||     7
    Use: Potion            |     1 |     1 |     3 |       ||     5
         Scroll            |       |     4 |    10 |     7 ||    21
   Stab: Sleeping          |     2 |       |     1 |       ||     3
         Invisible         |       |       |       |     5 ||     5
 Armour: Animal skin       |    34 |       |       |       ||    34
         Leather armour    |    16 |       |       |       ||    16
         Skin              |     2 |    41 |    93 |   126 ||   262
  Dodge: Dodged            |    47 |    99 |   179 |   216 ||   541
         Repelled          |       |       |     2 |    12 ||    14
   Form: Flux              |     1 |       |       |       ||     1

Table legend: (Time is in decaauts)
 A = Elapsed time spent in this place.
 B = Non-inter-level travel time spent in this place.
 C = Inter-level travel time spent in this place.
 D = Time resting spent in this place.
 E = Time spent auto-exploring this place.
 F = Levels seen in this place.
 G = Mean time per level.
                   A        B        C        D        E       F      G
               +--------+--------+--------+--------+--------+-----+--------+
         Total |  11598 |  11149 |    449 |   3182 |   5840 |  11 | 1054.4 |
       Dungeon |  10818 |  10370 |    448 |   2771 |   5768 |   9 | 1202.0 |
        Temple |      2 |      1 |      1 |      0 |      0 |   1 |    2.0 |
        Bailey |    777 |    777 |      0 |    411 |     71 |   1 |  777.0 |
               +--------+--------+--------+--------+--------+-----+--------+

Top non-repeatable levels by time:
     D:8: 1402 daAuts
     D:3: 1264 daAuts
     D:7: 1262 daAuts
     D:6: 1245 daAuts
     D:9: 1192 daAuts
     D:1: 1163 daAuts
     D:5: 1159 daAuts
     D:4: 1069 daAuts
     D:2: 1058 daAuts
  Bailey: 777 daAuts
  Temple: 2 daAuts
